 Dungeon Crawl Stone Soup version 0.28.0-1-gb440e238dd (webtiles) character file.

Game seed: 2845368235039654937

3 mortz the Conjurer (level 1, -3/13 HPs)
             Began as a Human Conjurer on Feb 22, 2022.
             Slain by a gnoll (6 damage)
             ... on level 1 of the Dungeon.
             The game lasted 00:01:49 (175 turns).

mortz the Conjurer (Human Conjurer)                  Turns: 175, Time: 00:01:50

Health: -3/13      AC:  3    Str:  7    XL:     1   Next: 55%
Magic:  0/3        EV: 11    Int: 18    God:
Gold:   13         SH:  0    Dex: 11    Spells: 3/4 levels left

rFire   . . .      SeeInvis .   d - +0 dagger
rCold   . . .      Faith    .   (no shield)
rNeg    . . .      Spirit   .   b - +0 leather armour
rPois   .          Reflect  .   (no helmet)
rElec   .          Harm     .   (no cloak)
rCorr   .          Rampage  .   (no gloves)
Will    .....                   (no boots)
Stlth   ++........              (no amulet)
HPRegen 0.04/turn               (no ring)
MPRegen 0.08/turn               (no ring)

@: no status effects
A: no striking features
a: no special abilities


You were on level 1 of the Dungeon.
You visited 1 branch of the dungeon, and saw 1 of its levels.

You collected 13 gold pieces.

Inventory:

Hand Weapons
 c - a +0 club
 d - a +0 dagger (weapon)
Armour
 a - a +0 robe
 b - a +0 leather armour (worn)


   Skills:
 + Level 2.0 Dodging
 + Level 2.0 Stealth
 + Level 2.0 Spellcasting
 + Level 4.1 Conjurations


You had 3 spell levels left.
You knew the following spells:

 Your Spells              Type           Power      Damage    Failure   Level
a - Magic Dart            Conj           64%        1d6       4%          1

Your spell library contained the following spells:

 Spells                   Type           Power      Damage    Failure   Level
 Searing Ray              Conj           32%        2d5       8%          2
 Dazzling Flash           Conj/Hex       18%        N/A       34%         3
 Fulminant Prism          Conj/Hex       4%         3d6       75%         4
 Iskenderun's Mystic Bla  Conj/Tloc      9%         2d4       75%         4


Dungeon Overview and Level Annotations

Branches:
Dungeon (1/15)

Altars:


Message History

You kill the goblin!
Your magical contamination has completely faded away.
You see here a +0 dagger.
d - a +0 dagger (weapon)
You now have 13 gold pieces.
You start resting.
Magic restored.
A gnoll comes into view. It is wielding a +0 spear.
The gnoll shouts!
A ball python comes into view.
Aiming: Magic Dart (safe; 4% risk of failure)
Press: ? - help, Q - select action Shift-Dir - straight line, f - gnoll
Aim: a gnoll, wielding a +0 spear (100% to hit)
The magic dart hits the gnoll.
The gnoll is lightly wounded.
The ball python hisses angrily.
The gnoll barely misses you.
Aiming: Magic Dart (safe; 4% risk of failure)
Press: ? - help, Q - select action Shift-Dir - straight line, f/p - gnoll
Aim: a gnoll, wielding a +0 spear (lightly wounded, 100% to hit)
The magic dart hits the gnoll.
The gnoll is moderately wounded.
The gnoll barely misses you.
Aiming: Magic Dart (safe; 4% risk of failure)
Press: ? - help, Q - select action Shift-Dir - straight line, f/p - gnoll
Aim: a gnoll, wielding a +0 spear (moderately wounded, 100% to hit)
The magic dart hits the gnoll.
The gnoll is severely wounded.
The gnoll hits you from afar with a +0 spear.
You hit the ball python but do no damage.
The ball python bites you but does no damage.
The ball python barely misses you.
The gnoll hits you from afar with a +0 spear!
Ouch! That really hurt!
* * * LOW HITPOINT WARNING * * *
You hit the ball python.
The ball python is severely wounded.
The ball python barely misses you. x2
The gnoll hits you from afar with a +0 spear.
You die...

.......... ...........
.........## #.......#
..........### #.......#
........#.#.####.......# ###
#................#
..######.###.##..####.......#
.............##..####.......#
..######.#######.##.....#####
#......gS@...............#
.......................>##.#
.##.###.##................. #
#....................#
#.##..................
#.##...........#.....#
#....##.......###.##.#
......#.##..#... ... .## #.
#......# ##


You could see a gnoll and a ball python.

Vanquished Creatures
  A goblin (D:1)
  A kobold (D:1)
  A rat (D:1)
3 creatures vanquished.

Notes
Turn   | Place    | Note
-------+----------+-------------------------------------------
     0 | D:1      | mortz the Human Conjurer began the quest for the Orb.
     0 | D:1      | Reached XP level 1. HP: 13/13 MP: 3/3
   175 | D:1      | Slain by a gnoll

Illustrated notes

Levels and vault maps discovered:
D:1:      dpeg_arrival_court, layout_basic, nicolae_ecumenical_snake_handling,
          minmay_misc_feat_diagonals, minmay_unequal

Action                   || total
-------------------------++-------
Melee: Dagger            ||     2
 Cast: Magic Dart        ||     9
Armor: Leather armour    ||     1
Dodge: Dodged            ||     5
